 Dungeon Crawl Stone Soup version 0.25.1-2-g60ff931df9 (webtiles) character file.

Game seed: 11533876033626540737

29723 Delamore the Peltast (level 13, -5/90 HPs)
             Began as a Gargoyle Fighter on Oct 16, 2020.
             Was the Champion of Okawaru.
             Slain by a polar bear (15 damage)
             ... on level 5 of the Lair of Beasts.
             The game lasted 00:18:37 (18288 turns).

Delamore the Peltast (Gargoyle Fighter)            Turns: 18288, Time: 00:18:37

Health: -5/90      AC: 20    Str: 24    XL:     13   Next: 47%
Magic:  15/15      EV:  8    Int: 12    God:    Okawaru [******]
Gold:   617        SH: 19    Dex: 13    Spells: 12/12 levels left

rFire    . . .     SeeInvis .   y - +2 whip (freeze)
rCold    + . .     Gourm    .   c - +0 kite shield
rNeg     + . .     Faith    .   x - +0 chain mail
rPois    ∞         Spirit   .   Z - +1 hat {MR+}
rElec    +         Reflect  +   F - scarf {rC+ rF+}
rCorr    .         Harm     .   z - +0 pair of gloves of Exclusion {rC- MR++ Int+2 Dex+4}
MR       ++++.                  (no boots)
Stlth    ..........             Q - amulet of reflection
HPRegen  0.25/turn              m - ring of protection from magic
MPRegen  0.14/turn              W - ring of ice

@: studying Ice Magic
A: negative energy resistance 1, electricity resistance, unbreathing,
petrification resistance, rot immunity, AC +9
a: Heroism, Finesse, Renounce Religion


You were on level 5 of the Lair of Beasts.
You worshipped Okawaru.
Okawaru was exalted by your worship.
You were not hungry.

You visited 3 branches of the dungeon, and saw 14 of its levels.
You also visited: Ice Cave.

You collected 864 gold pieces.
You spent 247 gold pieces at shops.

Inventory:

Hand Weapons
 a - a +0 flail
 y - a +2 whip of freezing (weapon)
Missiles
 A - 3 atropa-tipped darts (quivered)
 H - a throwing net
Armour
 c - a +0 kite shield (worn)
 x - a +0 chain mail (worn)
 z - the +0 pair of gloves of Exclusion (worn) {rC- MR++ Int+2 Dex+4}
   (You bought it in a shop on level 5 of the Dungeon)

   It affects your intelligence (+2).
   It affects your dexterity (+4).
   It makes you vulnerable to cold.
   It affects your resistance to hostile enchantments.
 F - a scarf of resistance (worn)
 R - the +0 kite shield "Puisutan" {rC- Str+2 Dex+5}
   (Okawaru gifted it to you on level 5 of the Lair of Beasts)

   It affects your strength (+2).
   It affects your dexterity (+5).
   It makes you vulnerable to cold.
 Z - a +1 hat of magic resistance (worn)
Jewellery
 m - a ring of protection from magic (left hand)
 E - a +4 ring of protection
 N - an uncursed ring of resist corrosion
 O - an uncursed amulet of the acrobat
 Q - an amulet of reflection (around neck)
 W - a ring of ice (right hand)
Wands
 b - a wand of polymorph (7)
 C - a wand of digging (15)
 I - a wand of acid (15)
 M - a wand of enslavement (8)
 S - a wand of disintegration (18)
 U - a wand of paralysis (8)
 V - a wand of iceblast (22)
Scrolls
 e - 3 scrolls of noise {unknown}
 g - 4 scrolls of magic mapping {unknown}
 i - 7 scrolls of remove curse
 l - 10 scrolls of teleportation
 n - 2 scrolls of random uselessness
 o - 5 scrolls of enchant weapon
 r - 2 scrolls of blinking {unknown}
 s - a scroll of fear {unknown}
 u - 2 scrolls of enchant armour {unknown}
 D - 3 scrolls of amnesia {unknown}
 J - a scroll of vulnerability {unknown}
 P - a scroll of summoning
 T - a scroll of holy word
Potions
 d - 4 potions of might
 h - 3 potions of heal wounds
 j - 2 potions of invisibility
 k - 4 potions of stabbing
 p - a potion of degeneration
 q - 3 potions of brilliance
 t - a potion of haste {unknown}
 v - 3 potions of curing {unknown}
 B - a potion of lignification
 G - a potion of ambrosia
 K - a potion of magic {unknown}
 L - a potion of flight
Books
 X - a manual of Ice Magic
 Y - a manual of Ice Magic
Comestibles
 f - 17 rations


   Skills:
 + Level 14.2 Fighting
 - Level 14.0 Maces & Flails
 - Level 3.2 Armour
 - Level 15.0 Shields
 + Level 3.8 Invocations


You had 12 spell levels left.
You didn't know any spells.
Your spell library contained the following spells:

 Spells                   Type           Power        Failure   Level  Hunger
 Magic Dart               Conj           #...         94%         1    ##.....
 Searing Ray              Conj           #.....       98%         2    ###....
 Dazzling Flash           Conj/Hex       #.....       100%        3    ####...
 Fulminant Prism          Conj/Hex       #.........   100%        4    #####..
 Iskenderun's Mystic Bla  Conj/Tloc      #.......     100%        4    #####..
 Irradiate                Conj/Tmut      #.........   100%        5    ######.
 Hydra Form               Tmut           #.........   100%        6    #######
 Dragon Form              Tmut           #.........   100%        7    #######
 Statue Form              Tmut/Erth      Unusable     N/A         6    N/A

Dungeon Overview and Level Annotations

Branches:
Dungeon (8/15)             Temple (1/1) D:7            Lair (6/6) D:8
  Snake (0/4) Lair:3        IceCv (visited)
  Swamp: Lair:2-4    Shoals: Lair:2-4     Slime: Lair:5-6

Altars:
Ashenzari
Cheibriados
Dithmenos
Elyvilon
Fedhas
Gozag
Hepliaklqana
Kikubaaqudgha
Makhleb
Nemelex Xobeh
Okawaru
Qazlal
Ru
Sif Muna
Trog
Uskayaw
Vehumet
Wu Jian
Xom
Yredelemnul
Zin
The Shining One

Shops:
D:5 [


Innate Abilities, Weirdness & Mutations

You are resistant to torment.
Your stone body is resilient. (AC +9)
You are immune to poison.
You resist negative energy. (rN+)
You are resistant to electric shocks. (rElec)
You can survive without breathing.
You are immune to petrification.
You are immune to rotting.


Message History

You hit the polar bear.
The polar bear is severely wounded.
You hit the polar bear.
The polar bear is almost dead.
The polar bear goes berserk!
You barely miss the polar bear.
The polar bear is almost dead.
You closely miss the polar bear.
The polar bear is almost dead.
You block the polar bear's attack. x2
The polar bear claws you but does no damage.
You hit the polar bear. You freeze the polar bear.
The polar bear is almost dead.
You block the polar bear's attack. The polar bear claws you.
* * * LOW HITPOINT WARNING * * *
You block the polar bear's attack.
You closely miss the polar bear.
The polar bear is almost dead.
The polar bear bites you!
You die...

..#... #......P.....
.^.....###.P##...#P#
..#..............P.#P#
...........#≈..........
...........≈≈..........
..........h..≈..........
........##†...........#.
.#........h##..###....#..
.....≈≈≈..#@#### .......
......≈≈≈...## .......
.......≈≈≈..## .....P.
...P........# .....
#............##
#.≈≈≈.......###
##.≈P≈.........#
#..≈≈≈.........#
##.≈≈≈........##


You could see a polar bear (berserk).

Vanquished Creatures
  3 hydras
  A catoblepas (Lair:2)
  A fire crab (Lair:3)
  A lindwurm (Lair:6)
  A deep elf mage (D:8)
  Pikel (D:5)
  A necromancer (IceCv)
  7 elephants (Lair:3)
  5 black mambas
  An ice statue (IceCv)
  8 spiny frogs
  10 freezing wraiths (IceCv)
  2 komodo dragons
  3 polar bears (Lair:5)
  A wolf spider simulacrum (IceCv)
  15 blink frogs
  A hornet (Lair:6)
  8 hippogriffs
  A redback (Lair:6)
  6 wyverns (Lair:6)
  2 basilisks
  9 yaks
  2 death yak simulacra (IceCv)
  7 porcupines
  12 water moccasins
  A sky beast (D:5)
  16 ice beasts
  2 orc warriors
  A black bear (D:8)
  A hornet zombie (D:7)
  A phantom (D:7)
  2 wolves (Lair:3)
  An ogre (D:5)
  4 centaurs
  5 crocodiles
  4 bullfrogs
  An elephant simulacrum (IceCv)
  2 scorpions
  3 wights
  2 electric eels (Lair:1)
  A crimson imp (D:5)
  A centaur zombie (D:6)
  4 draconian simulacra (IceCv)
  A howler monkey (D:5)
  3 hounds
  2 jellies
  2 bullfrog zombies
  7 orc wizards
  A bullfrog skeleton (D:6)
  An orc priest (D:8)
  A centaur skeleton (D:4)
  Crazy Yiuf (D:4)
  4 iguanas
  3 spriggan simulacra (IceCv)
  4 worker ants
  2 troll simulacra (IceCv)
  4 centaur simulacra (IceCv)
  A hound skeleton (D:4)
  A worker ant zombie (D:6)
  A howler monkey skeleton (D:5)
  8 adders
  6 naga simulacra (IceCv)
  An ogre simulacrum (IceCv)
  3 gnolls (D:3)
  2 shadow imps
  12 white imps (IceCv)
  A worm (D:2)
  3 dart slugs
  3 leopard geckos
  32 orcs
  5 giant cockroaches
  8 goblins
  11 hobgoblins
  16 jackals
  10 kobolds
  5 quokkas
  A ball python (D:3)
  3 bats
  14 frilled lizards
  A jackal skeleton (D:5)
  A jackal zombie (D:5)
  A leopard gecko zombie (D:5)
  A quokka skeleton (D:6)
  A quokka zombie (D:5)
  12 rats
  A plant (Lair:6)
362 creatures vanquished.

Vanquished Creatures (others)
  A wolf (Lair:3)
  A shadow imp (D:5)
  19 fungi
  39 plants
60 creatures vanquished.

Grand Total: 422 creatures vanquished

Notes
Turn   | Place    | Note
-------+----------+-------------------------------------------
     0 | D:1      | Delamore the Gargoyle Fighter began the quest for the Orb.
     0 | D:1      | Reached XP level 1. HP: 14/14 MP: 1/1
   475 | D:1      | Reached XP level 2. HP: 19/19 MP: 2/2
   895 | D:1      | Reached XP level 3. HP: 24/24 MP: 3/3
  1543 | D:2      | Reached skill level 4 in Shields
  1546 | D:2      | Reached XP level 4. HP: 13/29 MP: 4/4
  2762 | D:3      | Reached XP level 5. HP: 31/34 MP: 5/5
  2929 | D:3      | Found a faded altar of an unknown god.
  3796 | D:4      | Reached XP level 6. HP: 36/40 MP: 6/6
  3858 | D:4      | Found a runed translucent door.
  3859 | D:4      | Noticed Crazy Yiuf
  4035 | D:4      | Reached skill level 5 in Fighting
  4035 | D:4      | Reached skill level 5 in Shields
  4494 | D:4      | Reached skill level 5 in Maces & Flails
  5094 | D:4      | Killed Crazy Yiuf
  5094 | D:4      | Reached XP level 7. HP: 18/44 MP: 7/7
  5316 | D:5      | Entered Level 5 of the Dungeon
  6327 | D:5      | Reached XP level 8. HP: 21/49 MP: 8/8
  7061 | D:5      | Noticed Pikel
  7077 | D:5      | Killed Pikel
  7077 | D:5      | Reached skill level 10 in Maces & Flails
  7196 | D:5      | Found Beygis's Antique Armour Shoppe.
  7204 | D:5      | Bought a pair of ichor-stained gloves for 247 gold pieces
  7209 | D:5      | Identified the +0 pair of gloves of Exclusion {rC- MR++
                  | Int+2 Dex+4} (You bought it in a shop on level 5 of the
                  | Dungeon)
  7353 | D:5      | Reached XP level 9. HP: 54/54 MP: 9/9
  9437 | D:7      | Found a bloodstained altar of Trog.
  9792 | D:7      | Found a staircase to the Ecumenical Temple.
  9806 | Temple   | Entered the Ecumenical Temple
  9887 | Temple   | Became a worshipper of Warmaster Okawaru
 10153 | D:8      | Reached XP level 10. HP: 57/59 MP: 10/10
 10265 | D:8      | Identified a scroll of acquirement
 10266 | D:8      | Acquired a scarf of resistance
 10470 | D:8      | Noticed a deep elf mage
 10487 | D:8      | Killed a deep elf mage
 10739 | D:8      | Found a staircase to the Lair.
 10923 | D:8      | Acquired a manual of Shields
 10993 | Lair:1   | Entered Level 1 of the Lair of Beasts
 11044 | D:8      | Reached * piety under Okawaru
 11228 | Lair:1   | Reached skill level 6 in Shields
 11262 | Lair:1   | Reached skill level 7 in Shields
 11429 | Lair:1   | Reached ** piety under Okawaru
 11746 | Lair:1   | Noticed a spiny frog
 11760 | Lair:1   | Killed a spiny frog
 11760 | Lair:1   | Reached skill level 8 in Shields
 12285 | Lair:2   | Noticed a spiny frog
 12286 | Lair:2   | Noticed a six-headed hydra
 12297 | Lair:2   | Reached skill level 9 in Shields
 12303 | Lair:2   | Noticed a spiny frog
 12305 | Lair:2   | Noticed a catoblepas
 12338 | Lair:1   | Killed a spiny frog
 12497 | Lair:2   | Reached skill level 10 in Shields
 12578 | Lair:2   | Killed a six-headed hydra
 12578 | Lair:2   | Reached *** piety under Okawaru
 12578 | Lair:2   | Reached skill level 11 in Shields
 12578 | Lair:2   | Reached XP level 11. HP: 48/63 MP: 11/11
 12634 | Lair:2   | Killed a catoblepas
 12634 | Lair:2   | Reached skill level 12 in Shields
 12955 | Lair:2   | Reached **** piety under Okawaru
 13115 | Lair:2   | Reached skill level 13 in Shields
 13509 | Lair:2   | Found a burning altar of Makhleb.
 13962 | Lair:3   | Reached skill level 14 in Shields
 13998 | Lair:3   | Reached ***** piety under Okawaru
 14125 | Lair:3   | Noticed a fire crab
 14141 | Lair:3   | Killed a fire crab
 14318 | Lair:3   | Reached XP level 12. HP: 41/73 MP: 12/12
 14558 | Lair:3   | Found a staircase to the Snake Pit.
 14636 | Lair:3   | Noticed a seven-headed hydra
 14647 | Lair:3   | Killed a seven-headed hydra
 15091 | Lair:3   | You fall into a shaft and drop 3 floors!
 15091 | Lair:6   | Entered Level 6 of the Lair of Beasts
 15107 | Lair:6   | Reached skill level 15 in Shields
 15110 | Lair:6   | Received a gift from Okawaru
 15226 | Lair:6   | Reached skill level 10 in Fighting
 15233 | Lair:6   | Noticed an eight-headed hydra
 15290 | Lair:6   | Killed an eight-headed hydra
 15290 | Lair:6   | Reached ****** piety under Okawaru
 16017 | Lair:6   | Reached XP level 13. HP: 79/87 MP: 13/13
 16121 | Lair:5   | Found a frozen archway.
 16230 | Lair:5   | Received a gift from Okawaru
 16235 | Lair:5   | Got an ancient kite shield {god gift}
 16246 | Lair:5   | Identified the +0 kite shield "Puisutan" {rC- Str+2 Dex+5}
                  | (Okawaru gifted it to you on level 5 of the Lair of Beasts)
 16265 | IceCv    | Entered an ice cave
 16993 | IceCv    | Reached skill level 1 in Invocations
 17443 | IceCv    | Found an ancient bone altar of Kikubaaqudgha.
 18288 | Lair:5   | Slain by a polar bear

Illustrated notes

Levels and vault maps discovered:
D:1:      dpeg_chamrin_arrival_tetris, layout_basic, serial_forest,
          infiniplex_forest_clump_small, infiniplex_forest_clump_small,
          infiniplex_forest_lined_3, infiniplex_forest_lined_room_2,
          infiniplex_forest_end_double, infiniplex_forest_lined_4_way,
          hangedman_decor_riveting, wander_ebering_terrifying_dragon_lair
D:2:      minmay_door_path, layout_basic, first_ration
D:3:      layout_loops_ring, chequers_ecumenical_altar_island,
          minmay_misc_feat_x
D:4:      layout_basic, uniq_crazy_yiuf_cottage
D:5:      minmay_clustersquares, layout_basic, serial_shops, shop, uniq_pikel
D:6:      layout_loops_corners
D:7:      layout_loops_cross, bloody_trog, minmay_temple_entry_butterflies
D:8:      layout_basic, lair_entry_dummy, guppyfry_early_elven_hall
Temple:   compressed_dpeg_circular_temple
Lair:1:   layout_chaotic_city, serial_bayou, serial_bayou_ford_a,
          serial_bayou_pond_a, serial_bayou_crossing, serial_bayou_pond_c
Lair:2:   layout_regular_city, minmay_holes, lemuel_altar_in_water2,
          serial_bayou_shore_b, grunt_megastairs_4
Lair:3:   layout_cave_pods, dummy_snake_entry
Lair:5:   layout_gridlike, slime_altar_1, portal_ice_cave_entry_ice_beasts,
          cheibrodos_lair_lostbears
Lair:6:   hangedman_lair_tendril_chambers, layout_loops_ring, wormcave,
          serial_bayou_pond_c

Skill      XL: |  1  2  3  4  5  6  7  8  9 10 11 12 13 |
---------------+----------------------------------------+-----
Fighting       | 4 5 7 12 14 | 14.2
Shields        | 4 5 11 14 15 | 15.0
Maces & Flails | 3 5 7 10 12 14 | 14.0
Invocations    | 3 |  3.8
Armour         | |  3.2

Action                   |  1- 3 |  4- 6 |  7- 9 | 10-12 | 13-15 || total
-------------------------+-------+-------+-------+-------+-------++-------
Melee: Flail             |   187 |   311 |   222 |       |   270 ||   990
       Whip              |       |       |   362 |  1140 |   259 ||  1761
Invok: Heroism           |       |       |       |       |     1 ||     1
Evoke: Wand              |       |       |       |     2 |     5 ||     7
  Use: Scroll            |       |       |     4 |    11 |     2 ||    17
       Potion            |       |       |       |     2 |       ||     2
 Stab: Invisible         |       |     1 |       |       |       ||     1
       Distracted        |       |       |     1 |       |       ||     1
  Eat: Chunk             |     2 |     9 |    16 |    20 |     1 ||    48
       Ration            |       |     1 |       |       |     2 ||     3
Armor: Scale mail        |   106 |   206 |   108 |       |       ||   420
       Chain mail        |       |       |   154 |   302 |   236 ||   692
Dodge: Dodged            |    74 |    96 |    83 |   129 |   114 ||   496
Block: Kite shield       |   102 |   159 |   226 |   577 |   509 ||  1573
       Reflection        |       |       |       |       |    10 ||    10
